Description

Sloppy attempt of doing 3 reaper 2 hellion into fast 3cc 2 raven. Go win those TvTs Mac. Anyone else that sees this can also try.

Replay - Ever Dream LE (276)

Build Order

Get SALT Encoding   

  12  0:01  SCV  
  13  0:13  SCV  
  14  0:17  Supply Depot  
  14  0:25  SCV  
  15  0:31  Refinery  
  15  0:38  SCV  
  16  0:45  Barracks  
  16  0:50  SCV  
  17  1:02  SCV  
  18  1:12  Refinery  
  18  1:15  SCV  
  19  1:33  Orbital Command, Factory  
  19  1:44  Reaper  
  20  1:48  Supply Depot  
  20  1:59  SCV  
  21  2:11  SCV  
  22  2:16  Reaper  
  22  2:17  Hellion  
  25  2:23  SCV  
  25  2:29  Command Center  
  27  2:39  Hellion  
  29  2:46  Supply Depot  
  29  2:48  Reaper  
  31  2:56  Starport  
  31  3:02  Factory Tech Lab  
  32  3:13  Refinery  
  32  3:21  Barracks Tech Lab, Cyclone  
  37  3:43  Orbital Command  
  37  3:46  Barracks Reactor  
  36  3:58  Raven  
  41  4:20  Siege Tank  
  46  4:25  Marine  
  46  4:26  Command Center  
  47  4:34  Marine  
  47  4:37  Supply Depot x2  
  46  4:43  Marine  
  46  4:44  Raven  
  50  5:01  Marine x2  
  50  5:02  Engineering Bay x2  
  50  5:05  Siege Tank  
  59  5:35  Terran Infantry Weapons Level 1, Terran Infantry Armor Level 1  
  61  5:36  Barracks x2  
  61  5:37  Stimpack  
  61  5:41  Orbital Command  
  61  5:49  Marine, Starport Reactor  
  63  5:50  Refinery  
  63  5:58  Orbital Command  
  63  6:03  Siege Tank  
  66  6:06  Marine  
  69  6:11  Barracks x2  
  69  6:24  Marine  
  73  6:33  Marine x2  
  73  6:39  Starport Reactor  
  77  6:42  Siege Tank  
  85  6:49  Sensor Tower  
  87  6:56  Armory  
  91  7:03  Barracks Tech Lab x2  
  93  7:10  Marauder  
  99  7:16  Siege Tank  
  99  7:21  Medivac x2  
  107  7:27  Marauder x2  
  115  7:34  Marauder  
  121  7:44  Combat Shield  
  122  7:52  Marauder x2  
  127  8:02  Command Center, Marauder  
  133  8:09  Medivac x2  
  133  8:10  Siege Tank  
  140  8:23  Marauder  
  145  8:30  Terran Infantry Weapons Level 2  
  146  8:35  Refinery  
  148  8:55  Refinery, Terran Infantry Armor Level 2, Marauder x2  
  157  9:03  Medivac  
  161  9:12  Barracks x2  
  161  9:16  Factory  
  165  9:18  Barracks  
  165  9:20  Command Center  
  166  9:26  Refinery  
  166  9:29  Planetary Fortress  
  173  9:34  Refinery  
  180  9:51  Command Center  
Spawning Tool Build Advisor. Get it on Overwolf

Analysis

I don't really feel like doing analysis. Hopefully you can extrapolate how this build works based off of the units/order of structures.

Pull off workers from gas to afford natural CC, put em back after starting.

Go to:

Details

  • Created by: WangGang
  • Published on: Aug 17, 2020
  • Modified on: Aug 17, 2020
  • Patch: 4.11.0
  • Difficulty: Medium
Show
View Real Time Build Order
Export as new Build Order

Comments (0)

There are no comments. Be the first!

Create an account to comment!